Map: [G8] Babylon

Players

ByuN

  • Race: Terran Terran
  • Spawn Location: 5:00

Reynor - Winner!

  • Race: Zerg Zerg
  • Spawn Location: 11:00

Event: Gamers8 2023

VOD

Have the link to the VOD?

Description

Time

  • Played on: Aug. 5, 2023, 11:37 a.m.
  • Length: 9:12

All games in this series

Show
View Real Time Build Order
Export as new Build Order

ByuN Terran 

Build Orders: Banshee Rush 

Get SALT Encoding   

  12  0:00  SCV  
  13  0:12  SCV  
  14  0:17  Supply Depot  
  14  0:24  SCV  
  15  0:39  SCV  
  15  0:40  Barracks  
  16  0:44  Refinery  
  16  0:51  SCV  
  17  1:00  Barracks  
  17  1:03  SCV  
  18  1:15  SCV  
  19  1:27  Reaper  
  19  1:28  Orbital Command  
  20  1:37  Supply Depot  
  20  1:47  Reaper  
  20  1:54  SCV  
  22  2:00  Marine  
  23  2:06  SCV  
  24  2:13  Command Center  
  24  2:18  SCV  
  25  2:26  Factory  
  25  2:30  SCV  
  25  2:31  Refinery  
  26  2:40  Barracks Reactor  
  26  2:42  SCV  
  27  2:49  Barracks Tech Lab  
  27  2:54  SCV  
  28  3:06  SCV  
  28  3:11  Starport  
  30  3:17  Factory Tech Lab  
  31  3:21  SCV  
  31  3:22  Marine  
  31  3:25  Marine x2, Orbital Command  
  33  3:29  Refinery  
  33  3:33  SCV  
  34  3:40  Marine  
  35  3:43  Marine x2  
  35  3:45  SCV  
  38  3:50  SCV  
  38  3:52  Cloaking Field  
  38  3:53  Banshee  
  42  3:57  SCV  
  42  3:59  Supply Depot  
  42  4:00  Marine  
  42  4:01  Marine  
  45  4:03  SCV  
  45  4:06  Stimpack  
  46  4:11  Supply Depot  
  46  4:18  Factory Reactor  
  46  4:20  Marine x3, SCV  
  46  4:21  SCV  
  46  4:23  Engineering Bay  
  51  4:33  SCV x2  
  51  4:37  Supply Depot  
  51  4:38  Marine x3  
  53  4:39  Medivac  
  53  4:45  SCV x2  
  60  4:51  Terran Infantry Weapons Level 1  
  60  4:56  Marine x2  
  60  4:58  Marine  
  60  4:59  SCV x2  
  65  5:02  Supply Depot  
  65  5:11  SCV x2  
  65  5:14  Marine x2  
  67  5:16  Marine  
  67  5:22  Medivac  
  67  5:23  Medivac, Siege Tank  
  67  5:24  Supply Depot  
  67  5:27  SCV x2  
  76  5:29  Refinery  
  76  5:32  Supply Depot  
  76  5:33  Marine x2  
  78  5:46  Marine, SCV x2  
  81  5:51  Marine x2  
  81  5:55  Barracks  
  81  5:56  Siege Tank  
  86  5:58  Combat Shield  
  86  6:02  Starport Reactor  
  86  6:03  Marine  
  87  6:05  SCV x2  
  87  6:10  Marine x2  
  91  6:20  Command Center  
  91  6:21  Marine  
  92  6:28  Marine x2  
  94  6:39  Marine  
  93  6:45  Marine  
  94  6:51  Siege Tank, Marine x3, SCV x2  
  94  6:52  Terran Infantry Armor Level 1  
  94  6:53  Barracks  
  102  6:54  Barracks  
  102  6:59  Supply Depot  
  102  7:06  Marine  
  102  7:20  Medivac x2, Marine x4  
  102  7:21  Supply Depot  
  110  7:26  Supply Depot  
  110  7:31  Marine, SCV x2  
  113  7:38  Marine  
  99  7:45  Marine x3  
  99  7:48  Barracks Reactor  
  99  7:49  Marine  
  99  7:50  Barracks Reactor  
  100  7:51  SCV x2  
  100  7:55  Liberator x2  
  100  7:56  Armory, Engineering Bay  
  108  7:58  Marine  
  108  8:03  Marine x2, SCV x2  
  113  8:09  Orbital Command  
  113  8:15  SCV x2  
  113  8:18  Marine x3  
  118  8:20  Marine  
  118  8:21  Marine  
  118  8:23  Siege Tank  
  123  8:32  Marine  
  123  8:33  Marine  
  123  8:34  Marine  
  114  8:36  Marine x2  
  114  8:37  Marine  
  114  8:38  Marine, SCV x2  
  118  8:42  SCV  
  104  8:50  SCV  
  104  8:51  SCV  
  104  8:54  SCV  
Show
View Real Time Build Order
Export as new Build Order

Reynor Zerg - Winner!

Build Orders: Hatch First 

Get SALT Encoding   

  12  0:00  Drone  
  13  0:11  Overlord  
  13  0:16  Drone  
  14  0:30  Drone x2  
  16  0:48  Hatchery  
  15  0:51  Drone  
  15  0:55  Drone  
  17  0:59  Drone  
  18  1:09  Extractor  
  17  1:13  Spawning Pool  
  17  1:17  Drone  
  17  1:20  Drone  
  18  1:27  Drone  
  19  1:38  Drone  
  20  1:49  Drone  
  21  2:00  Queen x2  
  21  2:01  Zergling x4  
  27  2:14  Hatchery  
  26  2:18  Overlord  
  26  2:22  Drone  
  27  2:27  Metabolic Boost  
  27  2:31  Drone  
  27  2:35  Drone  
  27  2:36  Drone  
  29  2:40  Drone  
  29  2:43  Drone  
  31  2:48  Drone  
  32  2:53  Overlord  
  32  2:54  Overlord  
  32  3:01  Queen  
  32  3:04  Drone  
  32  3:05  Drone  
  36  3:11  Drone x2  
  36  3:12  Drone  
  39  3:15  Overlord  
  39  3:18  Drone  
  40  3:23  Queen  
  40  3:26  Drone  
  43  3:28  Drone  
  43  3:29  Drone  
  45  3:34  Queen  
  45  3:36  Drone  
  45  3:38  Drone  
  49  3:41  Drone x2  
  49  3:43  Drone  
  49  3:46  Drone  
  53  3:49  Queen  
  53  3:52  Overlord  
  53  3:54  Drone  
  56  3:57  Drone  
  56  3:59  Drone  
  58  4:02  Queen  
  58  4:03  Drone  
  58  4:05  Drone  
  62  4:10  Overlord  
  62  4:11  Drone x2  
  62  4:13  Drone  
  62  4:16  Queen  
  67  4:18  Zergling x4  
  69  4:24  Overlord  
  69  4:25  Zergling x4  
  69  4:31  Queen, Zergling x6  
  73  4:34  Zergling x2  
  73  4:36  Zergling x4  
  79  4:41  Zergling x2  
  79  4:44  Zergling x6  
  82  4:45  Spore Crawler  
  82  4:47  Drone  
  82  4:51  Drone  
  83  4:53  Spore Crawler  
  83  4:55  Drone  
  83  4:56  Lair  
  83  4:57  Drone  
  83  4:58  Drone  
  83  4:59  Baneling Nest  
  84  5:02  Drone x2  
  84  5:05  Overlord, Drone  
  87  5:08  Overlord  
  87  5:10  Drone  
  88  5:17  Extractor, Drone  
  88  5:18  Drone  
  88  5:19  Drone  
  90  5:22  Hatchery, Overlord  
  90  5:23  Drone x2  
  90  5:26  Drone x2  
  90  5:27  Drone  
  94  5:28  Extractor  
  94  5:29  Queen  
  94  5:30  Extractor  
  94  5:31  Zergling x4  
  94  5:33  Overlord  
  95  5:40  Drone  
  95  5:41  Drone  
  95  5:42  Drone  
  98  5:46  Drone  
  98  5:47  Evolution Chamber, Drone  
  98  5:48  Evolution Chamber, Drone  
  98  5:49  Drone x3  
  102  5:50  Overlord  
  102  5:54  Zergling x4  
  104  6:02  Centrifugal Hooks, Zergling x6  
  104  6:03  Queen  
  109  6:08  Extractor, Zergling x6  
  109  6:09  Baneling x5  
  109  6:11  Queen  
  111  6:13  Queen  
  111  6:17  Zergling x6  
  118  6:19  Zergling x6  
  118  6:22  Baneling  
  118  6:23  Baneling x5  
  121  6:26  Overlord  
  121  6:28  Baneling x2  
  119  6:40  Overlord  
  119  6:42  Overlord  
  119  6:44  Overlord  
  119  6:45  Zergling x16  
  119  6:46  Zergling x4  
  128  6:51  Overlord  
  128  6:58  Queen  
  128  7:00  Baneling x7  
  132  7:01  Queen, Drone x4  
  132  7:02  Zergling x4  
  132  7:04  Zergling x4  
  132  7:08  Zergling x2  
  132  7:13  Zergling x8  
  132  7:15  Zerg Ground Armor Level 1  
  136  7:16  Zerg Melee Weapons Level 1  
  136  7:19  Baneling x2  
  136  7:20  Baneling x6  
  136  7:23  Zergling x6  
  136  7:29  Zergling x12  
  144  7:36  Zergling x10  
  147  7:42  Zergling x2  
  147  7:43  Zergling x4  
  140  7:48  Drone  
  140  7:51  Zergling x4  
  139  7:52  Baneling x14  
  139  7:55  Drone  
  140  7:59  Zergling x2  
  140  8:00  Spore Crawler  
  140  8:03  Zergling x4  
  140  8:05  Zergling x2  
  143  8:07  Hatchery  
  143  8:08  Zergling x2  
  143  8:11  Infestation Pit  
  143  8:12  Baneling x3  
  142  8:13  Baneling  
  142  8:14  Zergling x4  
  142  8:15  Zergling x2  
  145  8:23  Overlord  
  145  8:25  Zergling x12  
  151  8:30  Zergling x12  
  151  8:31  Zergling x6  
  156  8:35  Zergling x2  
  156  8:41  Zergling x4  
  158  8:42  Zergling x2  
  158  8:44  Zergling x2  
  146  8:49  Zergling x4  
  146  8:53  Zergling x2  
  146  8:54  Zergling x12  
Tags
 
Add a new tag
Caveats
  • Supply blocks, unpowered buildings, or Contaminate may cause inaccurate times.
  • Supply counts are checked every 10 seconds.